Map: Oxide LE

Players

Nice - Winner!

  • Race: Protoss Protoss

Has

  • Race: Protoss Protoss

Event: DreamHack SC2 Masters 2021 Fall

VOD

Have the link to the VOD?

Description

Time

  • Played on: Aug. 1, 2021, 8:51 a.m.
  • Length: 14:46

All games in this series

Show
View Real Time Build Order
Export as new Build Order

Nice Protoss - Winner!

Build Orders: 1 Gate Expand 

Get SALT Encoding   

  12  0:00  Probe  
  13  0:12  Probe  
  14  0:20  Pylon  
  14  0:24  Probe  
  15  0:38  Probe (Chrono Boost)  
  15  0:39  Gateway  
  16  0:48  Assimilator  
  16  0:49  Probe (Chrono Boost)  
  17  0:53  Probe (Chrono Boost)  
  18  1:04  Probe  
  19  1:16  Probe  
  20  1:26  Nexus  
  20  1:33  Cybernetics Core  
  20  1:39  Zealot  
  22  1:46  Pylon  
  22  1:50  Probe  
  23  2:02  Assimilator  
  24  2:09  Stalker (Chrono Boost)  
  24  2:10  Shield Battery  
  25  2:16  Shield Battery  
  25  2:20  Warp Gate  
  25  2:29  Stalker (Chrono Boost)  
  27  2:42  Shield Battery  
  26  2:46  Probe x2  
  28  2:58  Probe x2  
  30  3:07  Robotics Facility  
  30  3:10  Probe (Chrono Boost)  
  30  3:11  Probe (Chrono Boost)  
  32  3:23  Probe x2 (Chrono Boost)  
  34  3:28  Sentry  
  34  3:29  Probe (Chrono Boost)  
  34  3:30  Probe (Chrono Boost)  
  38  3:37  Probe x2  
  38  3:39  Gateway  
  40  3:49  Probe x2  
  42  3:56  Observer  
  42  4:01  Probe  
  42  4:02  Probe  
  45  4:03  Pylon  
  43  4:10  Twilight Council  
  43  4:13  Stalker, Probe  
  43  4:17  Pylon  
  46  4:21  Probe (Chrono Boost)  
  47  4:31  Probe (Chrono Boost)  
  47  4:32  Probe (Chrono Boost)  
  47  4:34  Forge  
  47  4:35  Stalker  
  47  4:36  Stalker  
  47  4:37  Probe (Chrono Boost)  
  52  4:39  Probe (Chrono Boost)  
  52  4:43  Assimilator  
  53  4:47  Pylon, Probe  
  53  4:49  Probe  
  55  4:59  Stalker x2, Probe  
  60  5:01  Probe  
  61  5:08  Blink (Chrono Boost)  
  61  5:11  Probe  
  61  5:13  Nexus  
  62  5:22  Stalker  
  62  5:28  Gateway  
  64  5:30  Probe x2  
  65  5:36  Protoss Ground Weapons Level 1  
  65  5:42  Stalker, Probe  
  68  5:44  Probe  
  68  5:49  Shield Battery  
  69  5:53  Gateway  
  69  5:54  Probe  
  69  5:57  Gateway  
  69  6:05  Stalker  
  69  6:21  Pylon  
  69  6:24  Pylon  
  69  6:26  Gateway  
  69  6:27  Stalker  
  69  6:28  Stalker  
  69  6:29  Gateway  
  73  6:32  Gateway  
  73  6:36  Probe  
  73  6:37  Probe x2  
  76  6:47  Pylon, Charge  
  76  6:48  Shield Battery  
  76  6:49  Shield Battery  
  76  6:51  Pylon, Stalker  
  78  6:57  Stalker x2  
  78  6:58  Sentry  
  84  7:02  Immortal (Chrono Boost)  
  84  7:07  Probe x2  
  84  7:08  Probe  
  91  7:13  Pylon  
  88  7:19  Probe x2  
  88  7:20  Probe  
  90  7:26  Photon Cannon  
  90  7:28  Pylon  
  90  7:31  Colossus (Chrono Boost), Sentry, Probe  
  90  7:34  Stalker  
  90  7:35  Stalker  
  99  7:37  Immortal (Chrono Boost)  
  99  7:42  Probe x2  
  99  7:43  Probe  
  104  7:47  Stalker  
  106  7:56  Probe x2  
  108  7:59  Protoss Ground Weapons Level 2 (Chrono Boost)  
  107  8:06  Probe  
  107  8:08  Probe x2  
  107  8:09  Assimilator, Robotics Bay  
  107  8:12  Assimilator  
  110  8:15  Assimilator, Pylon  
  110  8:26  Pylon, Photon Cannon  
  110  8:30  Photon Cannon  
  110  8:34  Immortal (Chrono Boost)  
  110  8:36  Pylon  
  114  8:44  Robotics Facility  
  114  8:58  Pylon  
  114  9:05  Disruptor (Chrono Boost)  
  114  9:08  Shield Battery  
  114  9:09  Stalker x4  
  122  9:10  Pylon, Shield Battery  
  122  9:11  Shield Battery, Stalker x2  
  126  9:20  Pylon  
  126  9:22  Pylon  
  126  9:30  Disruptor (Chrono Boost)  
  126  9:33  Disruptor (Chrono Boost)  
  132  9:45  Nexus  
  132  9:46  Pylon  
  132  9:52  Disruptor  
  132  9:57  Disruptor  
  132  9:58  Observer  
  134  10:00  Probe x3  
  140  10:10  Stalker x3, Dark Shrine  
  140  10:12  Pylon  
  140  10:14  Observer  
  146  10:16  Photon Cannon  
  146  10:17  Pylon  
  146  10:25  Photon Cannon  
  146  10:27  Shield Battery  
  147  10:28  Observer (Chrono Boost)  
  147  10:31  Disruptor (Chrono Boost)  
  150  10:39  Protoss Ground Weapons Level 3 (Chrono Boost)  
  150  10:46  Pylon  
  150  10:50  Probe x3  
  150  10:51  Disruptor (Chrono Boost)  
  156  10:58  Probe  
  156  11:01  Assimilator  
  156  11:02  Probe  
  156  11:04  Assimilator, Disruptor  
  158  11:07  Pylon  
  158  11:10  Stalker x2  
  165  11:14  Gravitic Boosters  
  165  11:19  Shadow Stride (Chrono Boost)  
  168  11:26  Pylon  
  168  11:30  Photon Cannon  
  168  11:32  Shield Battery, Stalker  
  170  11:42  Colossus x2 (Chrono Boost)  
  178  12:10  Extended Thermal Lance  
  178  12:17  Shield Battery  
  178  12:19  Stalker x3  
  178  12:20  Stalker  
  186  12:27  Colossus x2 (Chrono Boost)  
  177  12:34  Stalker x4  
  178  12:52  Stalker x4  
  184  13:06  Stalker  
  184  13:07  Stalker x3  
  192  13:12  Disruptor x2  
  171  13:28  Zealot  
  171  13:29  Zealot x4  
  154  13:45  Colossus (Chrono Boost)  
  154  13:46  Disruptor (Chrono Boost)  
  142  13:51  Stalker x2  
  142  13:52  Stalker x3  
  159  14:00  Probe x4  
  163  14:05  Templar Archives  
  145  14:21  Stalker x3  
  145  14:22  Stalker x3  
Show
View Real Time Build Order
Export as new Build Order

Has Protoss 

Build Orders: Phoenix Opening 

Get SALT Encoding   

  12  0:00  Probe  
  13  0:12  Probe  
  14  0:19  Pylon  
  14  0:24  Probe (Chrono Boost)  
  15  0:38  Gateway, Probe (Chrono Boost)  
  16  0:44  Probe (Chrono Boost)  
  16  0:47  Assimilator  
  17  0:52  Assimilator  
  17  0:55  Probe  
  18  1:03  Pylon  
  18  1:07  Probe  
  19  1:19  Probe  
  19  1:24  Cybernetics Core  
  19  1:25  Zealot  
  22  1:31  Probe  
  23  1:43  Probe  
  24  1:55  Probe  
  24  1:59  Adept (Chrono Boost)  
  25  2:05  Stargate  
  25  2:06  Pylon  
  25  2:07  Probe  
  28  2:11  Warp Gate  
  28  2:20  Pylon  
  28  2:40  Nexus, Probe  
  26  2:52  Probe  
  26  2:54  Phoenix (Chrono Boost)  
  29  3:02  Robotics Facility  
  29  3:13  Shield Battery  
  29  3:18  Phoenix  
  31  3:20  Probe  
  31  3:22  Shield Battery  
  32  3:35  Probe  
  33  3:43  Phoenix (Chrono Boost)  
  33  3:48  Probe  
  34  3:56  Immortal (Chrono Boost)  
  34  3:57  Probe  
  34  4:00  Probe  
  40  4:09  Probe  
  41  4:10  Sentry  
  41  4:12  Probe  
  44  4:18  Phoenix  
  44  4:21  Probe  
  44  4:23  Pylon  
  47  4:24  Probe  
  48  4:35  Shield Battery  
  48  4:37  Immortal (Chrono Boost)  
  48  4:41  Probe  
  48  4:42  Probe  
  54  4:47  Pylon  
  54  4:53  Probe  
  54  4:54  Probe  
  56  5:00  Assimilator  
  56  5:02  Assimilator  
  56  5:05  Probe  
  56  5:06  Probe  
  58  5:09  Warp Prism (Chrono Boost)  
  58  5:13  Pylon  
  60  5:18  Twilight Council  
  60  5:19  Forge  
  60  5:22  Probe x2  
  62  5:34  Observer (Chrono Boost), Probe x2  
  65  5:44  Gateway  
  65  5:45  Gateway  
  65  5:46  Probe  
  66  5:54  Immortal  
  70  6:11  Protoss Ground Weapons Level 1  
  70  6:13  Zealot  
  70  6:20  Blink (Chrono Boost), Gateway  
  70  6:25  Gateway  
  70  6:30  Probe x2  
  72  6:34  Pylon  
  72  6:38  Robotics Bay  
  72  6:40  Nexus  
  72  6:43  Pylon, Sentry, Stalker  
  76  6:49  Pylon  
  76  6:51  Probe x2  
  78  7:00  Stalker  
  80  7:05  Probe  
  80  7:06  Probe  
  82  7:09  Shield Battery  
  82  7:10  Stalker x2  
  86  7:19  Probe x2  
  86  7:22  Colossus (Chrono Boost)  
  94  7:31  Probe  
  94  7:32  Pylon, Extended Thermal Lance (Chrono Boost)  
  94  7:35  Pylon  
  95  7:40  Shield Battery  
  95  7:41  Pylon  
  95  7:48  Stalker x2  
  98  8:04  Observer (Chrono Boost)  
  97  8:11  Protoss Ground Weapons Level 2  
  97  8:13  Probe x3  
  97  8:18  Photon Cannon  
  100  8:20  Photon Cannon  
  100  8:25  Assimilator, Probe x2  
  100  8:26  Assimilator  
  102  8:33  Stalker x5  
  112  8:36  Pylon  
  112  8:39  Pylon, Colossus (Chrono Boost)  
  112  8:48  Probe x3  
  121  8:58  Robotics Facility  
  121  9:13  Probe  
  121  9:15  Pylon, Probe x2  
  124  9:23  Stalker x5  
  134  9:25  Observer (Chrono Boost)  
  134  9:29  Gateway  
  134  9:31  Gateway  
  135  9:32  Pylon  
  135  9:33  Pylon  
  135  9:40  Nexus  
  135  9:50  Disruptor (Chrono Boost)  
  141  9:53  Disruptor (Chrono Boost)  
  141  10:02  Templar Archives  
  147  10:15  Colossus (Chrono Boost)  
  147  10:16  Colossus (Chrono Boost)  
  147  10:18  Photon Cannon  
  147  10:21  Photon Cannon  
  153  10:31  Phoenix (Chrono Boost)  
  155  10:39  High Templar x3  
  155  10:40  High Templar  
  163  10:47  Archon x2  
  163  10:52  Stargate  
  163  10:53  Photon Cannon, Phoenix (Chrono Boost)  
  163  10:55  Probe x3  
  163  10:56  Probe  
  169  11:09  Photon Cannon  
  169  11:11  Photon Cannon x2, Phoenix  
  171  11:13  Photon Cannon  
  171  11:14  Shield Battery  
  171  11:15  Assimilator  
  171  11:16  Assimilator, Pylon  
  171  11:21  Disruptor x2 (Chrono Boost)  
  177  11:36  Phoenix (Chrono Boost)  
  177  11:37  Pylon  
  179  11:40  Phoenix (Chrono Boost)  
  179  11:42  Protoss Ground Weapons Level 3 (Chrono Boost)  
  181  11:49  Disruptor  
  184  12:00  Photon Cannon  
  184  12:01  Photon Cannon  
  184  12:03  Photon Cannon  
  184  12:04  Pylon  
  184  12:28  Disruptor (Chrono Boost)  
  184  12:29  Disruptor (Chrono Boost)  
  188  12:57  Disruptor x2  
  171  13:33  Disruptor (Chrono Boost)  
  160  13:37  Stalker x7  
  160  13:39  Disruptor (Chrono Boost)  
  94  13:58  Phoenix x2  
  94  14:00  Stalker x3  
  94  14:01  Stalker x4  
  108  14:09  Disruptor (Chrono Boost)  
  90  14:24  Zealot x6  

Tags
 
Add a new tag
Caveats
  • Supply blocks, unpowered buildings, or Contaminate may cause inaccurate times.
  • Supply counts are checked every 10 seconds.